Map: Ulrena

Players

Saffer - Winner!

  • Race: Protoss Protoss
  • League: Gold

capac

  • Race: Terran Terran
  • League: Gold

VOD

Have the link to the VOD?

Description

Time

  • Played on: April 11, 2016, 2:25 p.m.
  • Length: 5:50
Show
View Real Time Build Order
Export as new Build Order

Saffer Protoss - Winner!

Build Orders:  

Get SALT Encoding   

  12  0:01  Probe (Chrono Boost)  
  13  0:13  Probe (Chrono Boost)  
  14  0:17  Pylon  
  14  0:23  Probe (Chrono Boost)  
  16  0:35  Probe (Chrono Boost)  
  16  0:38  Gateway  
  16  0:46  Probe (Chrono Boost)  
  16  0:47  Assimilator  
  17  1:00  Pylon  
  17  1:19  Gateway  
  17  1:20  Gateway  
  17  1:27  Cybernetics Core  
  17  1:38  Probe (Chrono Boost)  
  18  1:40  Assimilator  
  18  1:48  Probe (Chrono Boost)  
  19  1:59  Probe (Chrono Boost)  
  20  2:04  Warp Gate (Chrono Boost)  
  24  2:11  Stalker (Chrono Boost)  
  22  2:16  Stalker (Chrono Boost)  
  22  2:20  Pylon  
  24  2:42  Stalker x2 (Chrono Boost)  
  28  3:08  Stalker (Chrono Boost)  
  28  3:11  Stalker (Chrono Boost)  
  32  3:25  Robotics Facility  
  32  3:39  Stalker x2  
  36  3:59  Pylon  
  36  4:00  Pylon  
  34  4:15  Warp Prism (Chrono Boost)  
  34  4:33  Stalker x2  
  34  4:35  Stalker  
  40  4:51  Observer (Chrono Boost)  
  39  5:17  Stalker x3  
  37  5:41  Stalker x2  
  37  5:42  Stalker  
Show
View Real Time Build Order
Export as new Build Order

capac Terran 

Build Orders:  

Get SALT Encoding   

  12  0:01  SCV  
  13  0:13  SCV  
  14  0:18  Supply Depot  
  14  0:25  SCV  
  15  0:39  SCV  
  15  0:41  Barracks  
  16  0:47  Refinery  
  16  0:51  SCV  
  17  1:03  SCV  
  18  1:16  SCV  
  19  1:29  Orbital Command  
  19  1:31  Barracks Reactor  
  19  1:34  Supply Depot  
  19  1:40  Refinery  
  19  1:55  SCV  
  20  2:07  Factory  
  20  2:09  Marine x2  
  20  2:11  SCV  
  23  2:18  Command Center  
  23  2:25  SCV  
  23  2:27  Marine x2  
  26  2:39  SCV  
  25  2:54  Bunker  
  25  2:55  Marine x2  
  26  3:08  Bunker, Factory Tech Lab  
  25  3:13  Marine  
  25  3:25  Marine  
  22  3:29  Siege Tank  
  26  3:40  Marine  
  23  4:23  SCV  
  24  4:28  Supply Depot  
  24  4:37  SCV  
  25  4:39  Barracks, SCV  
  26  4:51  Starport  
  26  4:52  SCV x2  
  28  5:00  Supply Depot  
Tags
 
League
GoldGold
Matchup
PvT
Add a new tag
Caveats
  • Supply blocks, unpowered buildings, or Contaminate may cause inaccurate times.
  • Supply counts are checked every 10 seconds.